 Dungeon Crawl Stone Soup version 0.24-a0-507-g3e8b242632 (webtiles) character file.

Game seed: 11360525975076232345

13972 Gynju the Basher (level 12, -4/91 HPs)
             Began as a Formicid Fighter on July 19, 2019.
             Was an Elder of Zin.
             Slain by an ice devil (5 damage)
             ... on level 2 of the Lair of Beasts.
             The game lasted 00:40:59 (12768 turns).

Gynju the Basher (Formicid Fighter)                Turns: 12768, Time: 00:41:00

Health: -4/91      AC: 16    Str: 26    XL:     12   Next: 39%
Magic:  16/16      EV:  9    Int:  8    God:    Zin [****..]
Gold:   713        SH: 14    Dex: 10    Spells: 11/11 levels left

rFire    x . .     SeeInvis +   a - +5 dire flail
rCold    + . .     Gourm    +   c - +3 shield
rNeg     . . .     Faith    .   L - +0 plate armour
rPois    .         Spirit   .   (helmet unavailable)
rElec    .         Reflect  .   (no cloak)
rCorr    +         Harm     .   y - +2 pair of gloves
MR       +....                  (no boots)
Stlth    ..........             F - amulet of the gourmand
HPRegen  0.25/turn              p - ring of resist corrosion
MPRegen  0.15/turn              K - ring of ice

@: lethally poisoned (-4 -> -15), studying Staves, invisible
A: permanent stasis, dig shafts and tunnels, four strong arms, antennae 3
a: Dig, Shaft Self, Recite, Vitalisation, Imprison, Donate Gold, Renounce
Religion


You were on level 2 of the Lair of Beasts.
You worshipped Zin.
Zin was greatly pleased with you.
You were very full.

You visited 3 branches of the dungeon, and saw 13 of its levels.

You collected 792 gold pieces.
You donated 79 gold pieces to Zin.

Inventory:

Hand Weapons
 a - a +5 dire flail (weapon)
 b - a +0 hunting sling
 w - a +6 whip of electrocution
 I - the +7 flail "Keak" {crush, Int+2 SInv}
   (You found it on level 6 of the Dungeon)

   It inflicts extra damage upon your enemies.
   It affects your intelligence (+2).
   It lets you see invisible.
Missiles
 e - 95 sling bullets
 g - 389 stones
 h - 2 atropa-tipped darts (quivered)
 i - 23 boomerangs
 q - 10 javelins
 G - 4 curare-tipped darts
Armour
 c - a +3 shield (worn)
 y - a +2 pair of gloves (worn)
 L - a +0 plate armour (worn)
Jewellery
 p - a ring of resist corrosion (left hand)
 F - an amulet of the gourmand (around neck)
 K - a ring of ice (right hand)
 P - an uncursed ring of see invisible {unknown}
Wands
 j - a wand of iceblast (4)
 k - a wand of digging (5)
 A - a wand of paralysis (11)
 D - a wand of flame (13)
Scrolls
 l - 7 scrolls of remove curse
 m - 2 scrolls of noise {unknown}
 v - 2 scrolls of magic mapping {unknown}
 x - 2 scrolls of amnesia {unknown}
 E - a scroll of random uselessness {unknown}
 J - 4 scrolls of identify
 M - 2 scrolls of enchant weapon
 N - a scroll of vulnerability {unknown}
 O - 2 scrolls of enchant armour
Potions
 d - 2 potions of might
 n - 2 potions of lignification
 o - 4 potions of heal wounds
 r - a potion of invisibility
 s - 11 potions of curing
 t - a potion of berserk rage {unknown}
 u - 4 potions of brilliance
 z - 2 potions of mutation
 B - a potion of degeneration {unknown}
Books
 H - a manual of Staves
Miscellaneous
 C - a lamp of fire
Comestibles
 f - 31 rations


   Skills:
 + Level 7.0 Fighting
 + Level 12.6 Maces & Flails
   Level 7.2 Polearms
 + Level 7.0 Armour
 + Level 5.0 Dodging
 + Level 7.7 Shields
 + Level 6.4 Invocations


You had 11 spell levels left.
You didn't know any spells.
Your spell library contained the following spells:

 Spells                   Type           Power        Failure   Level  Hunger
 Flame Tongue             Conj/Fire      #....        100%        1    ##.....
 Freeze                   Ice            #...         100%        1    ##.....
 Summon Small Mammal      Summ           #...         100%        1    ##.....
 Call Imp                 Summ           #.......     100%        2    ###....
 Throw Flame              Conj/Fire      #.....       100%        2    ###....
 Throw Frost              Conj/Ice       #.....       100%        2    ###....
 Call Canine Familiar     Summ           #.......     100%        3    ####...
 Conjure Flame            Conj/Fire      #.......     100%        3    ####...
 Inner Flame              Hex/Fire       #.......     100%        3    ####...
 Ozocubu's Armour         Chrm/Ice       #.......     100%        3    ####...
 Summon Guardian Golem    Hex/Summ       #.......     100%        3    ####...
 Sticky Flame             Conj/Fire      #.......     100%        4    #####..
 Summon Ice Beast         Ice/Summ       #.......     100%        4    #####..
 Summon Lightning Spire   Summ/Air       #.......     100%        4    #####..
 Throw Icicle             Conj/Ice       #.......     100%        4    #####..
 Fireball                 Conj/Fire      #.........   100%        5    ######.


Dungeon Overview and Level Annotations

Branches:
Dungeon (10/15)            Temple (1/1) D:5            Lair (2/6) D:10
  Snake (0/4) Lair:2
  Swamp: Lair:2-4    Shoals: Lair:2-4       Orc: D:9-12

Altars:
Ashenzari
Cheibriados
Dithmenos
Elyvilon
Fedhas
Gozag
Hepliaklqana
Kikubaaqudgha
Makhleb
Nemelex Xobeh
Okawaru
Qazlal
Ru
Sif Muna
Trog
Uskayaw
Vehumet
Wu Jian
Xom
Yredelemnul
Zin
The Shining One

Shops:
D:4 (   D:5 !   D:6 %   D:7 (!*:

Portals:
Ice
Cave: Lair:2


Innate Abilities, Weirdness & Mutations

You cannot be hasted, slowed, berserked, paralysed or teleported.
You can dig through walls and to a lower floor.
Your four strong arms can wield two-handed weapons with a shield.
You have a pair of large antennae on your head. (SInv)


Message History

You feel sick.
You closely miss the spiny frog.
The spiny frog is heavily wounded.
You feel sick. The spiny frog barely misses you. The ice devil hits you.
* * * LOW HITPOINT WARNING * * *
The ice devil freezes you! You resist.
* * * LOW HITPOINT WARNING * * *
You closely miss the spiny frog.
The spiny frog is heavily wounded.
* * * LOW HITPOINT WARNING * * *
You feel sick.
The spiny frog stings you but does no damage.
The ice devil hits you.
* * * LOW HITPOINT WARNING * * *
The ice devil freezes you! You resist.
* * * LOW HITPOINT WARNING * * *
You fade into invisibility!
* * * LOW HITPOINT WARNING * * *
You feel sick. You block the spiny frog's attack. The ice devil hits you.
You die...

##P..####..#.# ####
#...## #...## #..∩
#....## #...## #...
#.....###....# ...
#..........#.. ..
#..........##. #.
#....#........ ##4##
#..#P##....... #..@#
#..####.......
#+#F###...###......#
#............#.###..
#........##..### #..
##.#.#...###.# ##.
##.##.### #.# #.# ##
##. ### #.# ## ###


You could see an ice devil and a spiny frog.

Vanquished Creatures
  Fannar (Lair:1)
  3 two-headed ogres (D:9)
  A black mamba (Lair:1)
  Psyche (D:10)
  2 spiny frogs
  A komodo dragon (D:10)
  An ice devil (Lair:2)
  2 trolls (D:9)
  3 hippogriffs
  Sigmund (D:6)
  15 yaks
  A hungry ghost (D:9)
  6 humans
  A wyvern (D:10)
  7 water moccasins
  2 sky beasts
  3 orc warriors
  3 ice beasts
  A black bear (Lair:1)
  2 phantoms
  5 ogres
  5 centaurs
  2 crocodiles
  7 bullfrogs
  A gnoll sergeant (D:10)
  A scorpion (D:8)
  3 wights (D:7)
  15 killer bees
  2 jellies
  6 howler monkeys
  2 crimson imps
  3 bullfrog zombies
  2 orc priests
  A bullfrog skeleton (D:10)
  2 centaur skeletons
  2 hounds
  An iguana (D:8)
  5 orc wizards
  6 worker ants
  A hound skeleton (D:8)
  A worker ant zombie (D:10)
  11 adders
  12 gnolls
  A howler monkey skeleton (D:4)
  A shadow imp (D:6)
  3 oozes
  An adder zombie (D:6)
  3 dart slugs
  39 orcs
  A ball python (D:3)
  4 giant cockroaches
  4 goblins
  8 hobgoblins
  4 quokkas
  4 bats
  6 frilled lizards
  2 giant cockroach zombies (D:5)
  11 kobolds
  A leopard gecko zombie (D:6)
  2 quokka zombies
  8 rats
256 creatures vanquished.

Vanquished Creatures (others)
  3 plants (D:10)
3 creatures vanquished.

Grand Total: 259 creatures vanquished

Notes
Turn   | Place    | Note
-------+----------+-------------------------------------------
     0 | D:1      | Gynju the Formicid Fighter began the quest for the Orb.
     0 | D:1      | Reached XP level 1. HP: 18/18 MP: 1/1
   231 | D:1      | Reached XP level 2. HP: 24/24 MP: 2/2
   833 | D:2      | Reached XP level 3. HP: 29/29 MP: 3/3
   843 | D:2      | Found a shattered altar of Ashenzari.
   936 | D:2      | Found a sacrificial altar of Ru.
  1089 | D:2      | Found a radiant altar of Vehumet.
  1834 | D:3      | Found a glowing golden altar of the Shining One.
  1844 | D:3      | Reached XP level 4. HP: 28/35 MP: 4/4
  2030 | D:3      | Found an ornate altar of the Wu Jian Council.
  2328 | D:3      | Reached XP level 5. HP: 35/41 MP: 5/5
  2760 | D:4      | Reached skill level 5 in Polearms
  2807 | D:4      | Reached XP level 6. HP: 34/47 MP: 6/6
  3216 | D:4      | Noticed an ogre
  3229 | D:4      | Killed an ogre
  3229 | D:4      | Reached XP level 7. HP: 39/52 MP: 7/7
  3351 | D:4      | Found Umastopi's Antique Weapon Boutique.
  3953 | D:5      | Entered Level 5 of the Dungeon
  3988 | D:5      | Found a deep blue altar of Sif Muna.
  4044 | D:5      | Reached skill level 1 in Maces & Flails
  4103 | D:5      | Found a staircase to the Ecumenical Temple.
  4108 | Temple   | Entered the Ecumenical Temple
  4235 | Temple   | Reached skill level 2 in Maces & Flails
  4296 | D:5      | Reached skill level 3 in Maces & Flails
  4377 | D:5      | Found a burning altar of Makhleb.
  4377 | D:5      | Noticed a green death
  4380 | D:5      | Noticed a ynoxinul
  4380 | D:5      | Noticed a hellwing
  4451 | D:5      | Found a shimmering altar of Xom.
  4451 | D:5      | Found a shimmering altar of Xom.
  4454 | D:5      | Found a shimmering altar of Xom.
  4459 | D:5      | Found a shimmering altar of Xom.
  4460 | D:5      | Found a shimmering altar of Xom.
  4601 | D:5      | Found a bloodstained altar of Trog.
  4679 | D:5      | Found Tieh's Distillery.
  4691 | D:5      | Reached XP level 8. HP: 58/58 MP: 8/8
  4806 | D:6      | Reached skill level 4 in Maces & Flails
  4851 | D:6      | Reached skill level 5 in Maces & Flails
  5025 | D:6      | Reached skill level 6 in Maces & Flails
  5119 | D:6      | Found Gopirche's Food Boutique.
  5232 | D:6      | Reached skill level 7 in Maces & Flails
  5269 | D:6      | Reached XP level 9. HP: 59/64 MP: 9/9
  5377 | D:6      | Noticed Sigmund
  5394 | D:6      | Killed Sigmund
  5394 | D:6      | Reached skill level 8 in Maces & Flails
  5748 | D:6      | Got a warped flail
  5750 | D:6      | Identified the +7 flail "Keak" {crush, Int+2 SInv} (You
                  | found it on level 6 of the Dungeon)
  5822 | D:6      | Found a sparkling altar of Nemelex Xobeh.
  6019 | D:7      | Reached skill level 9 in Maces & Flails
  6315 | D:7      | Found Vuocaik's Book Boutique.
  6316 | D:7      | Found Efasmeps's Assorted Antiques.
  6317 | D:7      | Found Afasooppapp's Distillery.
  6317 | D:7      | Found Cischat's Antique Weapon Boutique.
  6410 | D:7      | Found a bloodstained altar of Trog.
  6800 | D:7      | Reached skill level 10 in Maces & Flails
  6996 | D:7      | Found an iron altar of Okawaru.
  7014 | D:7      | Reached XP level 10. HP: 39/70 MP: 10/10
  7215 | D:7      | Found a glowing silver altar of Zin.
  7219 | D:7      | Became a worshipper of Zin the Law-Giver
  7219 | D:7      | Reached * piety under Zin
  7477 | D:8      | Reached ** piety under Zin
  7535 | D:8      | Reached skill level 11 in Maces & Flails
  7867 | D:8      | Found a stormy altar of Qazlal.
  7981 | D:8      | Reached *** piety under Zin
  8275 | D:9      | Noticed a two-headed ogre
  8282 | D:9      | Killed a two-headed ogre
  8282 | D:9      | Reached skill level 12 in Maces & Flails
  8363 | D:9      | Noticed a two-headed ogre
  8512 | D:9      | Killed a two-headed ogre
  8512 | D:9      | Reached skill level 1 in Dodging
  8976 | D:9      | Reached XP level 11. HP: 78/78 MP: 12/12
  9025 | D:9      | Noticed a two-headed ogre
  9083 | D:9      | Killed a two-headed ogre
  9083 | D:9      | Reached skill level 5 in Shields
  9339 | D:9      | Reached skill level 5 in Fighting
  9344 | D:9      | Reached skill level 5 in Armour
  9414 | D:9      | Found a white marble altar of Elyvilon.
  9697 | D:10     | Entered Level 10 of the Dungeon
 10006 | D:10     | Found a staircase to the Lair.
 10383 | D:10     | Noticed Psyche
 10429 | D:10     | Killed Psyche
 10963 | D:10     | Reached skill level 5 in Invocations
 11015 | Lair:1   | Entered Level 1 of the Lair of Beasts
 11214 | Lair:1   | Reached **** piety under Zin
 11279 | Lair:1   | Noticed Fannar
 11316 | Lair:1   | Killed Fannar
 11316 | Lair:1   | Reached XP level 12. HP: 86/89 MP: 16/16
 12320 | Lair:1   | You fall into a shaft and drop 1 floor!
 12320 | Lair:2   | Found a staircase to the Snake Pit.
 12749 | Lair:2   | Found a frozen archway.
 12759 | Lair:2   | Reached skill level 5 in Dodging
 12767 | Lair:2   | HP: 3/91 [ice devil (9)]
 12768 | Lair:2   | HP: 1/91 [poisoned by a spiny frog]
 12768 | Lair:2   | Slain by an ice devil

Levels and vault maps discovered:
D:1:      mushboom_english_gardens, layout_basic
D:2:      layout_basic, nicolae_ru_awakened_eye, vehumet_crystals,
          evilmike_ruin_ashenzari, minmay_small_reverse_x
D:3:      layout_basic, tso_metal_star, overflow_temple_1_default,
          minmay_unequal
D:4:      layout_basic, serial_shops, nicolae_shop_overgrown_old_shop
D:5:      layout_gridville, makhleb_altar_promises_db, lemuel_round_altar,
          kennysheep_mini_moat, minmay_temple_entry_offerings, serial_shops,
          shop, first_ration, chequers_serial_rivers_small_b,
          kennysheep_another_room, xom_redecorated
D:6:      layout_loops_ring, marbit_many_paths, serial_shops, kennysheep_mini,
          minmay_manual_macuahuitl, uniq_sigmund
D:7:      layout_gridville, okawaru_humans, zin_treasury, basic_altar,
          minmay_shop_grid_forest, grunt_ogre_cave
D:8:      layout_loops_corners, old_standard_altar, minmay_ruffians
D:9:      layout_cave_pools, elyvilon_altar_1
D:10:     layout_roguey, david_lair_shrubbed, uniq_psyche
Temple:   nicolae_temple_figure_zero
Lair:1:   layout_roguey, uniq_fannar
Lair:2:   layout_layer_cave, dummy_snake_entry, portal_ice_cave_demonic_guard,
          ebering_ghost_reflecting_pool, grunt_megastairs_4

Skill      XL: |  1  2  3  4  5  6  7  8  9 10 11 12 |
---------------+-------------------------------------+-----
Polearms       | 3 4 5 6 7 |  7.2
Maces & Flails | 3 7 10 12 | 12.6
Fighting       | 4 6 7 |  7.0
Armour         | 4 6 7 |  7.0
Dodging        | 2 4 5 |  5.0
Shields        | 4 7 |  7.7
Invocations    | 2 5 6 |  6.4

Action                   |  1- 3 |  4- 6 |  7- 9 | 10-12 || total
-------------------------+-------+-------+-------+-------++-------
Melee: Trident           |    17 |       |       |       ||    17
       Spear             |    56 |   166 |    18 |       ||   240
       Whip              |       |       |   228 |   440 ||   668
       Dire flail        |       |       |       |   172 ||   172
 Fire: Hunting sling     |       |       |       |     4 ||     4
Throw: Dart              |       |       |       |     2 ||     2
Invok: Vitalisation      |       |       |       |     1 ||     1
 Abil: Dig               |       |     5 |     5 |     3 ||    13
  Use: Scroll            |       |       |    15 |     5 ||    20
       Potion            |       |       |       |     2 ||     2
  Eat: Chunk             |     2 |     6 |    21 |    18 ||    47
Armor: Scale mail        |    10 |    12 |       |       ||    22
       Chain mail        |       |    28 |    64 |    57 ||   149
       Plate armour      |       |       |       |    91 ||    91
Dodge: Dodged            |    17 |    26 |    28 |   108 ||   179
Block: Shield            |    22 |    43 |   103 |   262 ||   430

Table legend:
 A = Non-vault XP
 B = Vault XP
 C = Vault XP percentage of total XP
 D = Non-vault monster count
 E = Vault monster count
 F = Vault count percentage of total count
                 A         B        C        D         E       F
            +---------+---------+-------+---------+---------+-------
      Total |   16228 |    3732 |  18.7 |     233 |      23 |   9.0
            +---------+---------+-------+---------+---------+-------
        D:1 |      14 |       0 |   0.0 |       9 |       0 |   0.0
        D:2 |      40 |       5 |  11.1 |      13 |       4 |  23.5
        D:3 |      81 |       8 |   9.0 |      25 |       4 |  13.8
        D:4 |     524 |       0 |   0.0 |      31 |       0 |   0.0
        D:5 |     340 |       0 |   0.0 |       8 |       0 |   0.0
        D:6 |    1087 |     363 |  25.0 |      22 |       4 |  15.4
        D:7 |     973 |     510 |  34.4 |      18 |       3 |  14.3
        D:8 |     613 |     779 |  56.0 |      12 |       4 |  25.0
        D:9 |    4804 |       0 |   0.0 |      28 |       0 |   0.0
       D:10 |    3046 |     745 |  19.7 |      41 |       2 |   4.7
     Temple |      19 |       0 |   0.0 |       3 |       0 |   0.0
     Lair:1 |    3710 |     997 |  21.2 |      17 |       1 |   5.6
     Lair:2 |     977 |     325 |  25.0 |       6 |       1 |  14.3
            +---------+---------+-------+---------+---------+-------
